Unix NetHack Version 5.0.0-0 post-release - last build May 10 2026 23:12:36 (d1fa5d53e341ca933230fdaa984d921c805b60aa,branch:main).

Game began 2026-05-12 23:43:33, ended 2026-05-13 00:07:16.

Drastanta, neutral female gnomish Healer

                     -----  ---- -------------  ------          --------
                     |...    ..| .| .-.......|  |....|          |......|
                     |...|    .| .|  |.......|  |....|    ######.*..<..|
      |              |...-----|-..----.......-+--.....#)###     |......|
      |.             |...........................(..%|#####     |......|
      |..........    -...---|-|----.......-+------+-.|#   ####  .......|
      |.             |...| ..|....|{......|        |.|#         -+------
      |              |...|%% |....|.......|        |.|
                     |...|%% |.@@.|.......----+-----.|
                     |...|(  |....|....{.............|
                     |...|---------..-------+-------.|
                     |...|.(((|......-.(((|        +.|
                     |...-.(((|......|.(((|        |.|
                     |...|.(((|......| (((|        |.|
                     |...------......---------------.|
                     |...............................|
                     ---------------------------------

Drastanta the Empiric        St:10 Dx:10 Co:16 In:9 Wi:14 Ch:16  Neutral
Dlvl:5  $:0  HP:0(43) Pw:15(33) AC:10 Xp:4 T:2626  Hungry  

Latest messages:
 The watchman misses the dog.
 You are conscious again.
 There is an uncursed partly eaten apple here; eat it? [ynq] (n) y
 You consume the last bite of your meal.
 It misses the watchman.
 There is an uncursed apple here; eat it? [ynq] (n) y
 Blecch!  Rotten food!
 It bites the watchman.
 You hear some noises.
 You don't have anything to eat.
 You hear a door open.
 The dog picks up a +0 scalpel.
 You are beginning to feel hungry.
 You stop searching.
 You can't open anything -- you have no hands!
 You hear someone beseeching Hermes.
 You hear some noises.
 It bites the watchman.
 The watchman wields a dagger!
 You hear some noises in the distance.
 It misses the watchman.
 It misses the watchman.
 You hear some noises in the distance.
 You swap places with the peaceful watch captain.
 You swap places with the peaceful watchman.
 The watchman opens a door.
 The priest of Hermes intones:
 "Pilgrim, you enter a sacred place!"
 You experience a sense of peace.
 The gas spore turns to flee.
 You bite the gas spore.
 You bite the gas spore.
 You kill the gas spore!
 Boom!
 The priest of Hermes is caught in the gas spore's explosion!
 The priest of Hermes resists the gas spore's explosion!
 The priest of Hermes gets angry!
 You are caught in the gas spore's explosion!
 The priest of Hermes wields a mace!
 The priest of Hermes kicks!
 The priest of Hermes casts a spell at you!
 You are frozen in place!
 You return to gnomish form!
 The priest of Hermes swings his mace.
 The priest of Hermes hits!
 You die...
 Do you want to see your attributes? [ynq] (y) n
 Do you want an account of creatures vanquished? [ynaq] (y) n
 Do you want to see your conduct and achievements? [ynq] (y) n
 Do you want to see the dungeon overview? [ynq] (y) n

Inventory:
Not carrying anything.
Drastanta the Healer's attributes:

Background:
 You were an Empiric, a level 4 female gnomish Healer.
 You were neutral, on a mission for Hermes
 who was opposed by Athena (lawful) and Poseidon (chaotic).
 You were right-handed.
 You were in the Gnomish Mines, on level 5.
 You entered the dungeon 2626 turns ago.
 It was the midnight hour.
 You had 144 experience points, 16 more were needed to attain level 5.

Basics:
 You had 0 out of 43 hit points.
 You had 15 out of 33 energy points (spell power).
 Your armor class was 10.
 Your wallet was empty.
 Autopickup was off.

Final Characteristics:
 Your strength was 10 (limit:18/50).
 Your dexterity was 10 (limit:18).
 Your constitution was 16 (limit:18).
 Your intelligence was 9 (limit:19).
 Your wisdom was 14 (peak:15, limit:18).
 Your charisma was 16 (limit:18).

Final Status:
 You were hungry.
 You were unencumbered.
 You were bare handed.
 You were unskilled in bare handed combat.
 You weren't wearing any armor.

Final Attributes:
 You were devoutly aligned.
 You were poison resistant.
 You were level-drain resistant.
 You had infravision.
 You were a werejackal.
 You were harmed by silver.
 You were unlucky.
 Hermes was angry with you.
 You are dead.

Miscellaneous:
 You didn't encounter any bones levels.
 Total elapsed playing time was 23 minutes and 43 seconds.

Major events:
 Turn
    1: Drastanta the neutral female gnomish Healer entered the dungeon
 1458: entered the Gnomish Mines
 1467: attained the rank of Empiric (level 3)
 2172: reached Mine Town
 2626: killed by a priest of Hermes, while paralyzed by a monster

Spells:
 Name                 Level Category     Fail Retention
 healing                1   healing        0%   81%-90%
 extra healing          3   healing        0%   81%-90%
 stone to flesh         3   healing       16%   81%-90%

Skills:
 Fighting Skills
   bare handed combat [Unskilled]
 Weapon Skills
   dagger             [Unskilled]
   knife              [Skilled]
   short sword        [Unskilled]
   saber              [Unskilled]
   club               [Unskilled]
   mace               [Unskilled]
   quarterstaff       [Unskilled]
   polearms           [Unskilled]
   spear              [Unskilled]
   trident            [Unskilled]
   sling              [Unskilled]
   dart               [Unskilled]
   shuriken           [Unskilled]
   unicorn horn       [Unskilled]
 Spellcasting Skills
   healing spells     [Basic]

Voluntary challenges:
 Character rerolling was not enabled.
 You never genocided any monsters.
 You never polymorphed an object.
 You used no wishes.
Achievements:
 You entered the Gnomish Mines.
 You attained the rank of Empiric.
 You entered Minetown.
 You entered a temple.

 The Dungeons of Doom: levels 1 to 3
    Level 1:
       A sink, a grave.
    Level 2:
       Many altars, a fountain.
       Stairs down to The Gnomish Mines.
    Level 3:
 The Gnomish Mines: levels 3 to 5
    Level 3:
    Level 4:
    Level 5: <- You were here.
       A temple and an altar to Hermes, some fountains.
       Final resting place for
          you, killed by a priest of Hermes, while paralyzed by a monster.


Vanquished creatures:
  a watchman
  a paper golem
  a kitten
  2 hill orcs
  a giant bat
  a dwarf zombie
  a werejackal
  2 acid blobs
  2 gas spores
  2 hobbits
  a large kobold
  a hobgoblin
  7 giant rats
  2 cave spiders
  3 yellow molds
  a gnome
  a gecko
  3 jackals
  a fox
  2 kobolds
  2 sewer rats
  8 grid bugs
  2 lichens
  2 kobold zombies
  5 newts
55 creatures vanquished.

No species were genocided or became extinct.

Game over:
                       ----------
                      /          \
                     /    REST    \
                    /      IN      \
                   /     PEACE      \
                  /                  \
                  |    Drastanta     |
                  |       0 Au       |
                  |   killed by a    |
                  | priest of Hermes |
                  |                  |
                  |                  |
                  |       2026       |
                 *|     *  *  *      | *
        _________)/\\_//(\/(/\)/\//\/|_)_______

Goodbye Drastanta the Healer...

You died in The Gnomish Mines on dungeon level 5 with 806 points,
and 0 pieces of gold, after 2626 moves.
You were level 4 with a maximum of 43 hit points when you died.

